 Dungeon Crawl Stone Soup version 0.26-a0-665-gefeb406119 (webtiles) character file.

Game seed: 7367735230641117174

19819 mandarbmax the Fighter (level 12, -10/132 HPs)
             Began as a White Draconian Transmuter on Oct 14, 2020.
             Was an Initiate of Gozag.
             Mangled by a minotaur (32 damage)
             ... in a Gauntlet on Oct 15, 2020.
             The game lasted 00:53:26 (16752 turns).

mandarbmax the Fighter (DrTm)                      Turns: 16752, Time: 00:53:27

Health: -10/132    AC: 15    Str: 13    XL:     12   Next: 39%
Magic:  17/19      EV: 17    Int: 13    God:    Gozag
Gold:   1740       SH:  0    Dex: 20    Spells: 2/21 levels left

rFire    x . .     SeeInvis .     - Unarmed
rCold    + + +     Faith    .   (shield currently unavailable)
rNeg     . . .     Spirit   .   (armour unavailable)
rPois    +         Reflect  .   (helmet currently unavailable)
rElec    .         Harm     .   (cloak currently unavailable)
rCorr    .         Rampage  .   (gloves currently unavailable)
MR       ++...     Rnd*Rage +   (boots currently unavailable) Stlth ++........NoTele +
                                M - necklace of Bloodlust {*Rage +Rage MR++ Int-3 Slay+6 *Curse} (curse)
HPRegen  0.32/turn              v - +6 ring of dexterity
MPRegen  0.16/turn              o - ring of wizardry

@: brilliant, icy armour, ice-form, hasted, very quick
A: large, (breathe frost), unfitting armour, AC +8
a: End Transformation, Potion Petition, Call Merchant, Bribe Branch, Renounce
Religion, Evoke Berserk Rage


You were in a Gauntlet.
You worshipped Gozag.
Gozag was most pleased with you.
You were a creature of crystalline ice.
You visited 3 branches of the dungeon, and saw 14 of its levels.
You also visited: Gauntlet.

You collected 2478 gold pieces.
You spent 94 gold pieces at shops.
You paid 644 gold pieces to Gozag.

Inventory:

Missiles
 k - 4 curare-tipped darts (quivered)
 n - 79 poisoned darts
 x - 5 javelins
 N - a throwing net
Armour
 l - a +2 cloak of stealth (melded)
 A - a +1 hat
 O - the +2 hat "Sootiw" (melded) {rF- Str+3}
   (You found it in a Gauntlet)

   It affects your strength (+3).
   It makes you vulnerable to fire.
 P - the +3 pair of gauntlets of War (melded) {Slay+5}
   (You found it in a Gauntlet)

   It affects your accuracy and damage with ranged weapons and melee attacks
   (+5).
Magical Staves
 G - a cursed staff of cold (melded)
Jewellery
 j - an uncursed ring of positive energy
 o - a ring of wizardry (right front paw)
 v - a +6 ring of dexterity (left front paw)
 y - an uncursed ring of poison resistance
 C - an uncursed ring of see invisible
 E - an uncursed ring of magical power
 H - an uncursed ring of magical power
 M - the cursed necklace of Bloodlust (around neck) {*Rage +Rage MR++ Int-3 Slay+6 *Curse}
   (You found it in a Gauntlet)

   [amulet of nothing]

   It affects your intelligence (-3).
   It affects your accuracy and damage with ranged weapons and melee attacks
   (+6).
   It affects your resistance to hostile enchantments.
   It lets you go berserk.
   It may make you go berserk in combat.
   It curses itself when equipped.
   It has a curse placed upon it.
Wands
 g - a wand of digging (5)
 q - a wand of polymorph (19)
 z - a wand of paralysis (14)
 J - a wand of random effects (26)
Scrolls
 a - 3 scrolls of fear
 c - 4 scrolls of remove curse
 d - 5 scrolls of teleportation
 r - 3 scrolls of immolation
 u - 3 scrolls of amnesia
 w - 2 scrolls of enchant weapon
 B - 2 scrolls of magic mapping
 I - a scroll of blinking
 K - a scroll of fog
Potions
 b - a potion of resistance
 e - 2 potions of haste
 f - a potion of heal wounds
 h - 2 potions of stabbing
 i - 5 potions of flight
 s - 4 potions of might
 t - 2 potions of mutation
 D - 2 potions of brilliance
 F - 3 potions of curing {unknown}
 L - a potion of berserk rage


   Skills:
 - Level 11.1 Fighting
 - Level 10.0 Dodging
 + Level 8.2 Unarmed Combat
 - Level 5.0 Spellcasting
 - Level 4.0 Summonings
 - Level 6.0 Transmutations
 - Level 11.0 Ice Magic


You had 2 spell levels left.
You knew the following spells:

 Your Spells              Type           Power        Failure   Level
a - Blade Hands           Tmut           ####......   17%         5
b - Wereblood             Tmut           ####....     1%          2
c - Summon Ice Beast      Ice/Summ       ####....     3%          4
d - Ozocubu's Armour      Ice            #####...     1%          3
e - Ice Form              Ice/Tmut       #####...     2%          4
f - Beastly Appendage     Tmut           ####..       1%          1

Your spell library contained the following spells:

 Spells                   Type           Power        Failure   Level
 Freeze                   Ice            ####         1%          1
 Sting                    Tmut/Pois      ###.         2%          1
 Poisonous Vapours        Pois/Air       #.....       12%         2
 Frozen Ramparts          Ice            #####.       1%          3
 Spider Form              Tmut/Pois      ###.......   6%          3
 Hailstorm                Conj/Ice       ####....     8%          4
 Ignite Poison            Fire/Tmut/Pois ##......     10%         3
 Mephitic Cloud           Conj/Pois/Air  #.......     22%         3
 Olgreb's Toxic Radiance  Pois           #.......     56%         4


Dungeon Overview and Level Annotations

Branches:
Dungeon (9/15)             Temple (1/1) D:5            Lair (4/6) D:9
  Swamp (0/4) Lair:2        Snake (0/4) Lair:4          Orc (0/2) D:9
Gauntlet (1/1)

Altars:
Ashenzari
Cheibriados
Dithmenos
Elyvilon
Fedhas
Gozag
Hepliaklqana
Kikubaaqudgha
Makhleb
Nemelex Xobeh
Okawaru
Qazlal
Ru
Sif Muna
Trog
Uskayaw
Vehumet
Wu Jian
Xom
Yredelemnul
Zin
The Shining One

Shops:
D:7 *

Annotations:
Lair:1 exclusion: oklob plant Gauntlet 6 transporters, exclusion: obsidian statue


Innate Abilities, Weirdness & Mutations

((You can breathe waves of freezing cold.))
((You can buffet flying creatures when you breathe cold.))
((Your icy white scales are hard. (AC +8)))
You cannot fit into any form of body armour.
((Your flesh is cold resistant. (rC+)))
((You are cold-blooded and may be slowed by cold attacks.))


Message History

The minotaur hits you.
* * * LOW HITPOINT WARNING * * *
The minotaur gores you but does no damage.
Your ice beast hits the minotaur but does no damage. [a] - 540 gold - brilliance, magic, haste and heal wounds [b] - 130 gold - heal wounds [c] - 260 gold - heal wounds and magic Purchase which effect?
You feel clever all of a sudden. Magic courses through your body.
You feel yourself speed up.
You feel much better. The minotaur hits you!!
* * * LOW HITPOINT WARNING * * *
The minotaur closely misses you.
Your ice beast hits the minotaur but does no damage.
Casting: Summon Ice Beast (mildly dangerous; 3% risk of failure)
Confirm with . or Enter, or press ? or * to list all spells.
You feel a surge of power!
Your icy body feels more resilient.
The minotaur hits you!!
You die...
Your body crumbles into a pile of gold.

##### ≈≈≈≈≈ ≈∩≈
... ###.###
.....
#######H#######
#.....(YY.....#
#.###.###.###.#
#.###.###.###.#
#.............#
###.###.###.##
###.###.###.####
................
⌠.⌠.⌠.©.©.⌠.⌠.⌠.
................


You could see a minotaur and a friendly ice beast (summoned).

Vanquished Creatures
  Fannar (Lair:2)
  2 hydras (Lair:1)
  3 two-headed ogres
  A death yak (Lair:2)
  A sixfirhy (Gauntlet)
  An oklob plant (Gauntlet)
  A moth of wrath (Gauntlet)
  3 black mambas
  An elephant (D:9)
  4 cane toads
  A torpor snail (Lair:2)
  A rime drake (Lair:3)
  2 komodo dragons (Lair:1)
  A troll (D:9)
  Grinder (D:3)
  2 redbacks (Gauntlet)
  29 yaks
  A wyvern (D:9)
  A shadow (D:9)
  A basilisk (D:9)
  4 vampire mosquitoes (Lair:2)
  An acid dragon (Gauntlet)
  Duvessa (D:7)
  5 water moccasins
  An ice beast (D:9)
  2 orc warriors (D:8)
  2 phantoms
  4 black bears
  A necrophage (D:6)
  2 ogres
  3 centaurs (D:9)
  A big kobold (D:8)
  9 bullfrogs
  Dowan (D:7)
  A scorpion (D:5)
  2 troll zombies (D:9)
  7 wights
  A centaur zombie (D:5)
  5 hounds
  2 jellies
  7 orc wizards
  A bullfrog skeleton (D:3)
  3 orc priests
  2 iguanas (D:7)
  Terence (D:3)
  7 worker ants
  6 ogre zombies (D:9)
  2 hound zombies
  A hound skeleton (D:6)
  Robin (D:2)
  3 gnolls
  9 adders
  2 shadow imps
  3 ufetubi (Gauntlet)
  An ooze (D:6)
  An adder zombie (D:6)
  4 dart slugs
  3 worms
  3 leopard geckos
  21 orcs
  6 giant cockroaches
  13 goblins
  10 hobgoblins
  11 jackals
  6 quokkas
  3 bats
  7 frilled lizards
  3 goblin skeletons (D:9)
  2 goblin zombies (D:9)
  3 hobgoblin skeletons (D:9)
  4 hobgoblin zombies (D:9)
  A jackal zombie (D:6)
  9 kobolds
  2 leopard gecko skeletons
  3 orc skeletons (D:9)
  10 orc zombies (D:9)
  A quokka skeleton (D:7)
  9 rats
297 creatures vanquished.

Vanquished Creatures (collateral kills)
  A hydra (Lair:2)
  An acid dragon (Gauntlet)
  A bullfrog (Lair:2)
3 creatures vanquished.

Vanquished Creatures (others)
  A quokka (D:7)
  A bush (Lair:3)
  7 fungi
  9 plants
  A withered plant (Gauntlet)
19 creatures vanquished.

Grand Total: 319 creatures vanquished

Notes
Turn   | Place    | Note
-------+----------+-------------------------------------------
     0 | D:1      | mandarbmax the Draconian Transmuter began the quest for the
                  | Orb.
     0 | D:1      | Reached XP level 1. HP: 16/16 MP: 3/3
   204 | D:1      | Reached XP level 2. HP: 23/23 MP: 3/5
   230 | D:1      | Learned a level 2 spell: Wereblood
   923 | D:2      | Reached XP level 3. HP: 27/28 MP: 4/6
  1274 | D:1      | HP: 1/28 [gnoll (8)]
  1571 | D:1      | Learned a level 3 spell: Spider Form
  1684 | D:2      | HP: 1/28 [poisoned by miscasting Spider Form]
  1828 | D:2      | Noticed Robin
  1989 | D:2      | Reached XP level 4. HP: 18/35 MP: 0/7
  1998 | D:2      | Killed Robin
  2622 | D:3      | Noticed Grinder
  2623 | D:3      | Paralysed by Grinder for 4 turns
  2635 | D:3      | Killed Grinder
  2635 | D:3      | Reached skill level 5 in Unarmed Combat
  2635 | D:3      | Reached XP level 5. HP: 24/40 MP: 4/8
  2635 | D:3      | Reached XP level 6. HP: 28/47 MP: 4/9
  2837 | D:3      | Found a sparkling altar of Nemelex Xobeh.
  2919 | D:3      | Found a shimmering altar of Xom.
  2923 | D:3      | Found a shimmering altar of Xom.
  3207 | D:3      | Noticed Terence
  3223 | D:3      | Killed Terence
  3937 | D:4      | Found a snail-covered altar of Cheibriados.
  4178 | D:4      | Your scales start taking on an icy white colour.
  4178 | D:4      | Reached XP level 7. HP: 52/52 MP: 6/10
  4178 | D:4      | Gained mutation: Your flesh is cold resistant. (rC+) [White
                  | Draconian growth]
  4529 | D:4      | Learned a level 5 spell: Blade Hands
  4836 | D:5      | Entered Level 5 of the Dungeon
  4853 | D:4      | HP: 2/52 [something (2)]
  5033 | D:4      | Reached skill level 5 in Transmutations
  5206 | D:5      | Found a staircase to the Ecumenical Temple.
  5225 | Temple   | Entered the Ecumenical Temple
  5623 | Temple   | Became a worshipper of Gozag Ym Sagoz the Greedy
  6070 | D:5      | Reached XP level 8. HP: 57/59 MP: 6/11
  7200 | D:6      | Found a burning altar of Makhleb.
  7201 | D:6      | Found a glowing silver altar of Zin.
  7202 | D:6      | Noticed an angel
  7204 | D:6      | Noticed a green death
  7413 | D:7      | Found a white marble altar of Elyvilon.
  7551 | D:7      | Noticed Duvessa
  7551 | D:7      | Noticed Dowan
  7558 | D:7      | Killed Duvessa
  7558 | D:7      | Reached skill level 5 in Fighting
  7560 | D:7      | Killed Dowan
  7768 | D:7      | Found a radiant altar of Vehumet.
  7917 | D:7      | Found Gexosul's Assorted Antiques.
  7920 | D:7      | Bought a scroll of magic mapping for 94 gold pieces
  8014 | D:8      | Reached XP level 9. HP: 30/73 MP: 10/12
  8022 | D:7      | Reached skill level 5 in Dodging
  8389 | D:8      | Noticed a two-headed ogre
  8406 | D:8      | Killed a two-headed ogre
  8486 | D:8      | Noticed a two-headed ogre
  8493 | D:8      | Killed a two-headed ogre
  8656 | D:8      | Reached XP level 10. HP: 70/88 MP: 9/13
  9422 | D:9      | Noticed an elephant
  9442 | D:9      | Killed an elephant
  9526 | D:9      | Found a staircase to the Lair.
  9836 | D:9      | Found a staircase to the Orcish Mines.
  9905 | D:9      | Reached skill level 10 in Fighting
 10876 | D:9      | Found a hide-covered altar of Uskayaw.
 10892 | D:9      | Found an iron altar of Okawaru.
 10894 | D:9      | Found a stormy altar of Qazlal.
 10895 | D:9      | Found a glowing golden altar of the Shining One.
 11061 | D:9      | Noticed a two-headed ogre
 11071 | D:9      | Killed a two-headed ogre
 11447 | Lair:1   | Entered Level 1 of the Lair of Beasts
 11447 | Lair:1   | Noticed an oklob plant
 11671 | Lair:1   | Noticed a black mamba
 11681 | Lair:1   | Killed a black mamba
 11681 | Lair:1   | Reached XP level 11. HP: 88/100 MP: 11/14
 11706 | Lair:1   | Learned a level 3 spell: Ozocubu's Armour
 11850 | Lair:1   | Reached skill level 1 in Ice Magic
 12050 | Lair:1   | Noticed a four-headed hydra
 12065 | Lair:1   | Noticed a four-headed hydra
 12073 | Lair:1   | Killed a four-headed hydra
 12073 | Lair:1   | Reached skill level 10 in Dodging
 12075 | Lair:1   | Killed a four-headed hydra
 12075 | Lair:1   | Reached skill level 5 in Ice Magic
 13707 | Lair:2   | Noticed a death yak
 13720 | Lair:2   | Killed a death yak
 13720 | Lair:2   | Reached skill level 10 in Ice Magic
 13836 | Lair:2   | Found a staircase to the Swamp.
 13952 | Lair:2   | Noticed Fannar
 13965 | Lair:2   | Killed Fannar
 13965 | Lair:2   | Reached XP level 12. HP: 81/108 MP: 2/15
 14308 | Lair:2   | Noticed a six-headed hydra
 14317 | Lair:2   | Learned a level 4 spell: Summon Ice Beast
 14330 | Lair:2   | Killed a six-headed hydra
 14330 | Lair:2   | Reached skill level 1 in Summonings
 15530 | Lair:3   | Learned a level 4 spell: Ice Form
 15931 | Lair:4   | Found a gate leading to a gauntlet.
 15940 | Gauntlet | Entered a Gauntlet
 15940 | Gauntlet | Found a transporter.
 15940 | Gauntlet | Found a transporter.
 15940 | Gauntlet | Noticed a queen ant
 15958 | Gauntlet | Found a transporter.
 15962 | Gauntlet | Found a transporter.
 15976 | Gauntlet | Found a transporter.
 15980 | Gauntlet | Found a transporter.
 15986 | Gauntlet | Found a transporter.
 16002 | Gauntlet | Found a transporter.
 16004 | Gauntlet | Found the +3 pair of gauntlets of War {Slay+5}
 16016 | Gauntlet | Found a transporter.
 16020 | Gauntlet | Found a transporter.
 16022 | Gauntlet | Identified the +1 halberd of Domination {chaos, +Fly MR+
                  | Str+2 Int+3}
 16030 | Gauntlet | Found a transporter.
 16035 | Gauntlet | Found a transporter.
 16036 | Gauntlet | Found the cursed necklace of Bloodlust {*Rage +Rage MR++
                  | Int-3 Slay+6 *Curse}
 16610 | Gauntlet | Got an encrusted hat
 16621 | Gauntlet | Identified the +2 hat "Sootiw" {rF- Str+3} (You found it in
                  | a Gauntlet)
 16647 | Gauntlet | Reached skill level 5 in Spellcasting
 16676 | Gauntlet | Learned a level 1 spell: Beastly Appendage
 16735 | Gauntlet | Noticed a minotaur
 16752 | Gauntlet | Mangled by a minotaur

Illustrated notes

Levels and vault maps discovered:
D:1:      dpeg_arrival_solitude, layout_loops_ring
D:2:      layout_rooms, uniq_robin
D:3:      layout_loops_ring, nemelex_xobeh_ov_fountains_minmay, xom_redecorated,
          uniq_terence, uniq_grinder
D:4:      layout_basic, cheibriados_altar_1
D:5:      layout_loops_ring, minmay_temple_entry_statues_fountains
D:6:      layout_loops_ring, grunt_temple_overflow_order_and_chaos_2
D:7:      layout_cave_pools, vehumet_crystals, elyvilon_altar_4, serial_shops,
          kennysheep_mini_moat, uniq_duvessa
D:8:      layout_loops_ring, minmay_orc_keep
D:9:      layout_irregular_city, nicolae_overflow_hidden_temple,
          grunt_temple_overflow_open, david_lair_generic, zombieorc2_lemuel
Temple:   minmay_temple_forest_path
Lair:1:   layout_long_grid, st_stairs_3, dpeg_stationary_puzzle,
          grunt_megastairs_4
Lair:2:   layout_gridlike, minmay_swamp_entry_swarm, uniq_fannar
Lair:3:   layout_chaotic_city, beast_lair_carwin_4, grunt_megastairs_1
Lair:4:   layout_gridlike, dummy_snake_entry, ebering_ghost_xom,
          gauntlet_entry_generic
Gauntlet: minmay_gauntlet_77_indecision [minmay_gauntlet_arena_77_double_cross,
          minmay_gauntlet_arena_77_mirror, minmay_gauntlet_arena_77_two_paths,
          minmay_gauntlet_arena_77_two_lines, minmay_gauntlet_arena_77_box,
          minmay_gauntlet_arena_77_braids, gauntlet_exit_watery]

Skill      XL: |  1  2  3  4  5  6  7  8  9 10 11 12 |
---------------+-------------------------------------+-----
Dodging        | 2 4 7 9 10 | 10.0
Unarmed Combat | 4 5 7 8 |  8.2
Transmutations | 3 4 5 6 |  6.0
Fighting       | 5 8 11 | 11.1
Ice Magic      | 11 | 11.0
Spellcasting   | 5 |  5.0
Summonings     | 4 |  4.0

Action                   |  1- 3 |  4- 6 |  7- 9 | 10-12 || total
-------------------------+-------+-------+-------+-------++-------
Melee: Unarmed           |   110 |   110 |   232 |   415 ||   867
       Headbutt          |     8 |     4 |       |       ||    12
       Kick              |    11 |     4 |       |       ||    15
       Tailslap          |     7 |     5 |     7 |    39 ||    58
       Punch             |     1 |       |     2 |    14 ||    17
       Staff             |       |       |       |     4 ||     4
Throw: Dart              |     2 |    14 |     1 |       ||    17
 Cast: Beastly Appendage |    24 |     7 |       |       ||    31
       Wereblood         |     4 |     4 |     8 |    14 ||    30
       Spider Form       |     3 |    16 |    34 |    19 ||    72
       Blade Hands       |       |       |     7 |    39 ||    46
       Ozocubu's Armour  |       |       |       |    24 ||    24
       Summon Ice Beast  |       |       |       |    15 ||    15
       Ice Form          |       |       |       |     2 ||     2
Invok: Potion Petition   |       |       |       |     1 ||     1
 Abil: Breathe Frost     |       |       |     2 |    15 ||    17
       Evoke Berserk Rag |       |       |       |     1 ||     1
Evoke: Wand              |       |       |       |     7 ||     7
  Use: Potion            |     4 |     1 |     1 |     7 ||    13
       Scroll            |     3 |     8 |     5 |     8 ||    24
 Stab: Sleeping          |       |       |     2 |     1 ||     3
       Distracted        |       |       |       |     2 ||     2
Armor: Skin              |    36 |    18 |    14 |    89 ||   157
Dodge: Dodged            |   100 |    64 |   187 |   346 ||   697

Table legend: (Time is in decaauts)
 A = Elapsed time spent in this place.
 B = Non-inter-level travel time spent in this place.
 C = Inter-level travel time spent in this place.
 D = Time resting spent in this place.
 E = Time spent auto-exploring this place.
 F = Levels seen in this place.
 G = Mean time per level.
                   A        B        C        D        E       F      G
               +--------+--------+--------+--------+--------+-----+--------+
         Total |  16655 |  16259 |    396 |   3244 |  10408 |  15 | 1110.3 |
       Dungeon |  10922 |  10663 |    259 |   1947 |   6962 |   9 | 1213.6 |
        Temple |    439 |    363 |     76 |      0 |    361 |   1 |  439.0 |
          Lair |   4478 |   4418 |     60 |    849 |   3067 |   4 | 1119.5 |
      Gauntlet |    814 |    814 |      0 |    448 |     18 |   1 |  814.0 |
               +--------+--------+--------+--------+--------+-----+--------+

Top non-repeatable levels by time:
     D:9: 2012 daAuts
  Lair:2: 1761 daAuts
  Lair:1: 1733 daAuts
     D:3: 1373 daAuts
     D:1: 1317 daAuts
     D:2: 1178 daAuts
     D:4: 1140 daAuts
     D:8: 1100 daAuts
     D:5: 994 daAuts
     D:7: 981 daAuts
  Lair:3: 952 daAuts
     D:6: 824 daAuts
Gauntlet: 814 daAuts
  Temple: 439 daAuts
  Lair:4: 30 daAuts
